 Dungeon Crawl Stone Soup version 0.29-a0-243-g602b31c20e (webtiles) character file.

Game seed: 10280835648156274750

15 spaghetti the Skirmisher (level 2, -1/25 HPs)
             Began as a Demonspawn Berserker on Mar 5, 2022.
             Was a Follower of Trog.
             Slain by a kobold
             ... wielding a +0 dagger
              (4 damage)
             ... on level 1 of the Dungeon.
             The game lasted 00:00:24 (320 turns).

spaghetti the Skirmisher (Demonspawn Berserker)      Turns: 320, Time: 00:00:24

Health: -1/25      AC:  2    Str: 17    XL:     2   Next: 34%
Magic:  2/2        EV: 12    Int: 10    God:    Trog [*.....]
Gold:   44         SH:  0    Dex: 12    Spells: 1/1 levels left

rFire   . . .      SeeInvis .   a - +0 falchion {long}
rCold   . . .      Faith    .   (no shield)
rNeg    . . .      Spirit   .   b - +0 animal skin
rPois   .          Reflect  .   (no helmet)
rElec   .          Harm     .   (no cloak)
rCorr   .          Rampage  .   (no gloves)
Will    .....                   (no boots)
Stlth   +.........              (no amulet)
HPRegen 0.08/turn               (no ring)
MPRegen 0.08/turn               (no ring)

@: on berserk cooldown, slowed, very slow
A: big brain 1
a: Renounce Religion, Berserk


You were on level 1 of the Dungeon.
You worshipped Trog.
Trog was aware of your devotion.
You visited 1 branch of the dungeon, and saw 1 of its levels.

You collected 44 gold pieces.


Innate Abilities, Weirdness & Mutations

You have an unusually large brain. (Int +2)


   Skills:
 + Level 3.8 Fighting
 - Level 2.6 Long Blades
 - Level 1.7 Armour
 - Level 1.7 Dodging


You had one spell level left.
You didn't know any spells.
Your spell library was empty.

Inventory:

Hand Weapons
 a - a +0 falchion (weapon) {long}
Missiles
 c - 45 stones (quivered) {throwing}
Armour
 b - a +0 animal skin (worn)
Scrolls
 f - a scroll of identify {unknown}
 g - a scroll of teleportation {unknown}
Potions
 d - 3 potions of mutation {unknown}
 e - a potion of lignification {unknown}

Dungeon Overview and Level Annotations

Branches:
Dungeon (1/15)

Altars:

#### ##### #.. ....#
#.#
#.#.######.####)####
#.#.##......@......#
#.#.##.###.#K.#.##.#
#......# #.#..#
#####...#### #......
^.....### #.##.#.#
##.#### #.# .#.#
...# #.. .. . ####
##. .. ## ## #.....#


You could see a kobold.


Message History

You take 1 damage, and now have 23/24 hp.
You hit the jackal. You hit the jackal but do no damage.
The jackal closely misses you.
A kobold comes into view. It is wielding a +0 dagger.
The jackal closely misses you. x2; The kobold moves out of view.
You hit the jackal. The jackal misses you. The jackal barely misses you.
The jackal closely misses you.
The jackal bites you but does no damage.
You barely miss the jackal. Your punch misses the jackal.
The jackal misses you.
The jackal bites you. x3; The jackal barely misses you. 😕 HP[-4]
You take 4 damage, and now have 19/24 hp.
You hit the jackal.
You kill the jackal!
Trog accepts your kill. The jackal closely misses you.
The jackal barely misses you.
The jackal bites you. x2; The jackal barely misses you. 😮 HP[-4]
You now have 25 max hp (+1).
You take 4 damage, and now have 15/25 hp.
You are too injured to fight recklessly!
You are too injured to fight recklessly!
You are too injured to fight recklessly!
You are too injured to fight recklessly!
There are monsters nearby!
Unknown command.
A red film seems to cover your vision as you go berserk!
You feel yourself moving faster!
You feel mighty! The jackal bites you. The jackal misses you.
The jackal bites you.
* * * LOW HITPOINT WARNING * * *
😨 HP[+3]
You now have 37 max hp (+12).
You regained 3 hp, and now have 18/37 hp.
You are too injured to fight recklessly!
You are too injured to fight recklessly!
You are too injured to fight recklessly!
You barely miss the jackal. The jackal bites you.
* * * LOW HITPOINT WARNING * * *
The jackal bites you but does no damage.
The jackal closely misses you.
You closely miss the jackal. The jackal barely misses you.
The jackal bites you.
* * * LOW HITPOINT WARNING * * *
The jackal bites you.
* * * LOW HITPOINT WARNING * * *
😨 HP[-4]
You take 4 damage, and now have 14/37 hp.
You closely miss the jackal.
The jackal bites you but does no damage.
The jackal closely misses you.
The jackal bites you but does no damage.
You slash the jackal!
You kill the jackal!
Trog accepts your kill. The jackal closely misses you. The jackal misses you.
You hit the jackal. The jackal bites you.
* * * LOW HITPOINT WARNING * * *
The jackal closely misses you. 😨 HP[-2]
You take 2 damage, and now have 12/37 hp.
You miss the jackal.
The kobold shouts!
The jackal bites you but does no damage.
The jackal misses you. The jackal barely misses you. x2
The kobold throws a stone.
The stone hits you.
* * * LOW HITPOINT WARNING * * *
😨 HP[-1]
You take 1 damage, and now have 11/37 hp.
You hit the jackal but do no damage. The jackal closely misses you. x2
You slash the jackal!
You kill the jackal!
Trog accepts your kill.
The kobold throws a stone.
The stone hits you.
* * * LOW HITPOINT WARNING * * *
The jackal barely misses you. 😨 HP[-1]
You take 1 damage, and now have 10/37 hp.
You closely miss the jackal. The jackal closely misses you.
You closely miss the jackal. The jackal barely misses you.
You barely miss the jackal. The jackal bites you.
* * * LOW HITPOINT WARNING * * *
The jackal bites you.
* * * LOW HITPOINT WARNING * * *
The kobold throws a stone.
The stone hits you but does no damage. 😱 HP[-3]
You take 3 damage, and now have 7/37 hp.
You slash the jackal!
You kill the jackal!
Trog accepts your kill.
You feel a strong urge to attack something.
The kobold closely misses you.
You are no longer berserk.
You are exhausted.
You feel yourself slow down. 😱 HP[-3]
You now have 25 max hp (-12).
You hit the kobold but do no damage. The kobold hits you with a +0 dagger.
* * * LOW HITPOINT WARNING * * *
The kobold hits you with a +0 dagger.
You die...

Action                   || total
-------------------------++-------
Melee: Falchion          ||    28
Invok: Berserk           ||     1
Armor: Animal skin       ||     7
Dodge: Dodged            ||    33

Levels and vault maps discovered:
D:1:      ldierk_walled_garden_2, layout_loops_cross, serial_glass,
          glass_columns_a, glass_columns_a, glass_columns_b, glass_columns_a,
          glass_columns_b, glass_columns_c, glass_columns_a, glass_columns_b,
          st_stairs_1, nicolae_grassy_gnolls

Notes
Turn   | Place    | Note
-------+----------+-------------------------------------------
     0 | D:1      | spaghetti the Demonspawn Berserker began the quest for the
                  | Orb.
     0 | D:1      | Reached XP level 1. HP: 18/18 MP: 1/1
     0 | D:1      | magus.rc [v1.9.6]
   221 | D:1      | Gained mutation: You have an unusually large brain. (Int
                  | +2) [demonic ancestry]
   221 | D:1      | Reached XP level 2. HP: 23/24 MP: 2/2
   315 | D:1      | HP: 8/37 [jackal (3)]
   320 | D:1      | HP: 3/25 [kobold/+0 dagger (2)]
   320 | D:1      | Slain by a kobold

Vanquished Creatures
  2 dart slugs (D:1)
  A ball python (D:1)
  2 goblins (D:1)
  4 jackals (D:1)
9 creatures vanquished.

Vanquished Creatures (others)
  4 toadstools (D:1)
4 creatures vanquished.

Grand Total: 13 creatures vanquished

Table legend:
 A = Non-vault XP
 B = Vault XP
 C = Vault XP percentage of total XP
 D = Non-vault monster count
 E = Vault monster count
 F = Vault count percentage of total count
                 A         B        C        D         E       F
            +---------+---------+-------+---------+---------+-------
      Total |      22 |       0 |   0.0 |       9 |       0 |   0.0
            +---------+---------+-------+---------+---------+-------
        D:1 |      22 |       0 |   0.0 |       9 |       0 |   0.0
            +---------+---------+-------+---------+---------+-------

Illustrated notes

Table legend:
 A = Kills in this place as a percentage of kills in entire the game.
 B = Kills by you in this place as a percentage of kills by you in the entire game.
 C = Kills by friends in this place as a percentage of kills by friends in the entire game.
 D = Other kills in this place as a percentage of other kills in the entire game.
 E = Experience gained in this place as a percentage of experience gained in the entire game.
 F = Experience gained in this place divided by the number of levels of this place that you have seen.
                   A       B       C       D       E      F
               +-------+-------+-------+-------+-------+----------------------
         Total | 100.0 | 100.0 |   N/A |   N/A | 100.0 |  22.0
       Dungeon | 100.0 | 100.0 |   N/A |   N/A | 100.0 |  22.0
               +-------+-------+-------+-------+-------+----------------------

Table legend: (Time is in decaauts)
 A = Elapsed time spent in this place.
 B = Non-inter-level travel time spent in this place.
 C = Inter-level travel time spent in this place.
 D = Time resting spent in this place.
 E = Time spent auto-exploring this place.
 F = Levels seen in this place.
 G = Mean time per level.
                   A        B        C        D        E       F      G
               +--------+--------+--------+--------+--------+-----+--------+
         Total |    318 |    318 |      0 |    139 |    124 |   1 |  318.0 |
       Dungeon |    318 |    318 |      0 |    139 |    124 |   1 |  318.0 |
               +--------+--------+--------+--------+--------+-----+--------+

Top non-repeatable levels by time:
     D:1: 318 daAuts
